 Dungeon Crawl Stone Soup version 0.27.0-1-g7a089689b8 (webtiles) character file.

Game seed: 12919092535967234908

145 shoop the Slasher (level 5, 0/40 HPs)
             Began as a Djinni Abyssal Knight on Aug 7, 2021.
             Was a Follower of Lugonu.
             Slain by a hobgoblin (3 damage)
             ... on level 4 of the Dungeon.
             The game lasted 00:05:36 (3822 turns).

shoop the Slasher (Djinni Abyssal Knight)           Turns: 3822, Time: 00:05:37

Health: 0/40       AC:  3    Str:  6 (8)  XL:     5   Next: 53%
Gold:   30         EV: 11    Int: 12      God:    Lugonu [*.....] SH:  0 Dex:  8 (10)

rFire    + + .     SeeInvis .   a - +1 falchion
rCold    x . .     Faith    .   (no shield)
rNeg     . . .     Spirit   .   b - +0 leather armour
rPois    ∞         Reflect  .   (no helmet)
rElec    .         Harm     .   (no cloak)
rCorr    .         Rampage  .   (no gloves)
Will     +....                  (boots unavailable)
Stlth    ++........             (no amulet)
HPRegen  0.13/turn              e - ring of willpower
MPRegen  0.00/turn              (no ring)

@: flying
A: sickness immunity, fire resistance 2, cold vulnerability 1, float, innate
caster, hp casting, extra vitality 1, [clumsy 1], [deterioration 1], [dopey 1],
[weak 2]
a: Renounce Religion, Depart the Abyss


You were on level 4 of the Dungeon.
You worshipped Lugonu.
Lugonu was aware of your devotion.
You visited 1 branch of the dungeon, and saw 4 of its levels.
You visited the Abyss 1 time.

You collected 180 gold pieces.
You spent 150 gold pieces at shops.

Inventory:

Hand Weapons
 a - a +1 falchion (weapon)
Armour
 b - a +0 leather armour (worn)
Jewellery
 e - a ring of willpower (left hand)
Scrolls
 c - 3 scrolls of identify {unknown}
 d - a scroll of noise {unknown}
 g - 3 scrolls of teleportation {unknown}
 m - 2 scrolls of fog {unknown}
Potions
 f - a potion of heal wounds {unknown}
 h - a potion of haste {unknown}
 i - 3 potions of flight {unknown}
 j - a potion of brilliance {unknown}
 k - a potion of curing
 n - a potion of berserk rage
 o - a potion of might


   Skills:
 - Level 3.0 Fighting
 + Level 3.4 Long Blades
 - Level 1.0 Armour
 - Level 2.1 Dodging
 + Level 2.6 Stealth
 + Level 2.5 Invocations


You had one spell level left.
You knew the following spells:

 Your Spells              Type           Power      Damage    Failure   Level
a - Sandblast             Erth           0%         2d4       45%         1
b - Searing Ray           Conj           0%         3d3       61%         2
Your spell library was empty.

Dungeon Overview and Level Annotations

Branches:
Dungeon (4/15)
 Temple: D:4-7

Altars:

Shops:
D:1 !   D:3 (?(=(

Annotations:
D:3 exclusions: ball python and ogre, Ijyb


Innate Abilities, Weirdness & Mutations

You are immune to sickness and miasma.
You are immune to poison.
Your flesh is very heat resistant. (rF++)
You are vulnerable to cold. (rC-)
You float through the air rather than walking.
You learn spells naturally, not from books.
Your magical power is your life essence.
You have superior vitality. (+4 HP)
[You are clumsy. (Dex -2)]
[Your body sometimes deteriorates upon taking damage.]
[You are dopey. (Int -2)]
[You are very weak. (Str -4)]


Message History

An ufetubus comes into view.
The gnoll hits you with a +0 spear.
Your body deteriorates!
You feel clumsy.
You hit the gnoll.
The gnoll is severely wounded.
The gnoll closely misses you. The hobgoblin hits you.
You closely miss the gnoll.
The gnoll is severely wounded.
The gnoll hits you with a +0 spear. The hobgoblin hits you.
You closely miss the gnoll.
The gnoll is severely wounded.
The gnoll barely misses you. The hobgoblin closely misses you.
You hit the gnoll.
The gnoll is almost dead.
The gnoll hits you with a +0 spear.
The hobgoblin hits you but does no damage.
The gnoll hits you with a +0 spear.
You hit the gnoll.
You kill the gnoll!
Lugonu accepts your kill.
The hobgoblin hits you but does no damage.
The ufetubus hits you.
* * * LOW HITPOINT WARNING * * *
The ufetubus hits you.
* * * LOW HITPOINT WARNING * * *
The hobgoblin hits you.
* * * LOW HITPOINT WARNING * * *
You hit the ufetubus.
The ufetubus is heavily wounded.
The ufetubus barely misses you. The ufetubus hits you.
* * * LOW HITPOINT WARNING * * *
The ufetubus hits you.
* * * LOW HITPOINT WARNING * * *
The ufetubus closely misses you. The hobgoblin barely misses you.
You miss the ufetubus.
The ufetubus is heavily wounded.
The ufetubus completely misses you.
The ufetubus hits you but does no damage.
The hobgoblin hits you.
You die...

#... .. #......
..##. #..... #
#..#.#. #.....#
.#....#.#
#....#.##......##
#..#.#..........
#..##...........
#.#......g......
#.......@5......
#.####.###.#.###
#.# #.# #
####.####.# ..
#.........#
...########
#.##.###....
...........
#.##.# ##.##
#...<.. #.#### #.
#.#.##. #.# #
#.##.


You could see an ufetubus and a hobgoblin.

Vanquished Creatures
  An orc priest (D:4)
  An iguana (D:4)
  A gnoll (D:4)
  3 adders
  A worm (D:3)
  A dart slug (D:2)
  3 orcs (D:4)
  2 endoplasms
  3 giant cockroaches
  7 hobgoblins
  4 jackals (D:1)
  2 quokkas (D:1)
  5 ball pythons
  3 bats
  4 frilled lizards
  A goblin (D:2)
  A kobold (D:3)
  3 rats (D:1)
46 creatures vanquished.

Notes
Turn   | Place    | Note
-------+----------+-------------------------------------------
     0 | Abyss:1  | shoop the Djinni Abyssal Knight began the quest for the
                  | Orb.
     0 | Abyss:1  | Reached XP level 1. HP: 20/20 MP: 0/0
   129 | Abyss:2  | Noticed a wraith
   139 | Abyss:2  | Noticed a wretched star
   140 | Abyss:2  | Noticed a wretched star
   143 | D:1      | Escaped the Abyss
   335 | D:1      | Reached * piety under Lugonu
   447 | D:1      | Reached XP level 2. HP: 25/25 MP: 0/0
   466 | D:1      | Found Tiucwal's Distillery.
   501 | D:1      | Reached skill level 1 in Stealth
   928 | D:1      | Found a faded altar of an unknown god.
   988 | D:2      | Reached XP level 3. HP: 18/30 MP: 0/0
   988 | D:2      | Learned a level 1 spell: Sandblast
  1471 | D:2      | Reached XP level 4. HP: 35/35 MP: 0/0
  2172 | D:1      | Bought a potion of curing for 30 gold pieces
  2172 | D:1      | Bought a potion of lignification for 30 gold pieces
  2447 | D:3      | Noticed Ijyb
  2506 | D:3      | Found Oliome's Jewellery Emporium.
  2507 | D:3      | Found Enug Eha's Antique Weapon Emporium.
  2510 | D:3      | Noticed an ogre
  2607 | D:3      | Found Giredixi's Magic Scroll Shop.
  2607 | D:3      | Found Giunlueq's Weapon Shoppe.
  2789 | D:3      | Found Jotanyfu's Antique Weapon Shoppe.
  3023 | D:1      | Bought a potion of berserk rage for 50 gold pieces
  3023 | D:1      | Bought a potion of might for 40 gold pieces
  3155 | D:4      | Reached XP level 5. HP: 15/40 MP: 0/0
  3155 | D:4      | Learned a level 2 spell: Searing Ray
  3822 | D:4      | Slain by a hobgoblin

Illustrated notes

Levels and vault maps discovered:
D:1:      lightli_molten_gateway, layout_loops_ring, serial_shops, shop,
          shapermc_ecumenical_altar_hornbeckon
D:2:      layout_loops_ring, minmay_misc_feat_rugged
D:3:      layout_rooms, serial_shops, shop_coins, shop,
          nicolae_shop_behind_doors, nicolae_lakefront_shop, shop, uniq_ijyb
D:4:      layout_loops_corners, makhleb_blood_cavern_becter, minitemple,
          minmay_temple_entry_proselytizer, grunt_decor_mini_mirrors,
          minmay_misc_feat_secret_circle, uniq_natasha, uniq_edmund

Skill      XL: |  1  2  3  4 |
---------------+-------------+-----
Long Blades    | 2 3 |  3.4
Stealth        | 1 2 |  2.6
Invocations    | 2 |  2.5
Fighting       | |  3.0
Armour         | |  1.0
Dodging        | |  2.1

Action                   |  1- 3 |  4- 6 || total
-------------------------+-------+-------++-------
Melee: Falchion          |    80 |    86 ||   166
Invok: Depart the Abyss  |     1 |       ||     1
  Use: Potion            |       |     1 ||     1
Armor: Leather armour    |    23 |    16 ||    39
       Skin              |       |     4 ||     4
Dodge: Dodged            |    56 |    47 ||   103
       Rpst.: Falchion   |    17 |    19 ||    36
